NCAA
ARIZONA STATE SUN DEVILS @ UCLA BRUINS
04/25/2023
 
TOP OF THE 1ST
Arizona State Sun Devils batting - Pitching for UCLA Bruins : RHP Mark Williamson
Pitching: RHP Mark Williamson
Batting: LHB Derrick Simpson 0-0: Reached on Error, E1 (Line Drive, 15)
Batting: RHB Lance Rodríguez 0-0: Ball
1-0: Ball
2-0: Ball
3-0: Base on Balls
Derrick Simpson to second
Batting: LHB Bill Frazier 0-0: Ball
1-0: Fielders Choice at 2nd, 3-6 (Groundball, 3)
Derrick Simpson to third
Batting: RHB Jeffrey Hicks 0-0: Called Strike
0-1: Swinging Strike
0-2: Ball
1-2: Ball
2-2: Foul Ball, location: 2F
2-2: Foul Ball, location: 2F
2-2: Ball
3-2: Base on Balls
Bill Frazier to second
Batting: RHB Tom Hicks 0-0: Ground out 5-3 (Groundball, 5S)
Derrick Simpson scores
Bill Frazier to third
Jeffrey Hicks to second
Batting: RHB Michael Fisher 0-0: Swinging Strike
0-1: Foul Ball, location: 2F
0-2: Ball
1-2: Foul Ball, location: 2F
1-2: SINGLE (Flyball, 7LM)
Bill Frazier scores
Jeffrey Hicks to third
Runner from 3rd tries for Home, SAFE, no throw or cutoff
Batting: LHB Brendon Adams 0-0: Ball
1-0: Fly out, F4 (Line Drive, 34D)
Top of the 1st over - 3 run(s), 1 hit(s), 1 error(s), 1 left on base; Arizona State 3 - UCLA 0
BOTTOM OF THE 1ST
UCLA Bruins batting - Pitching for Arizona State Sun Devils : LHP Joe Jenkins
Pitching: LHP Joe Jenkins
Batting: RHB Rodney Richardson 0-0: Foul Ball, location: 2F
0-1: Ball
1-1: Foul Ball, location: 2F
1-2: Fly out, F9 (Flyball, 89S)
Batting: LHB Simon Collins 0-0: Ground out 4-3 (Groundball, 34)
Batting: RHB Lonnie Anderson 0-0: Called Strike
0-1: Ball
1-1: Ball
2-1: Foul Ball, location: 2F
2-2: Fly out, F5 (Popup, 5)
Bottom of the 1st over - 0 run(s), 0 hit(s), 0 error(s), 0 left on base; Arizona State 3 - UCLA 0
TOP OF THE 2ND
Arizona State Sun Devils batting - Pitching for UCLA Bruins : RHP Mark Williamson
Batting: RHB Geoff Jackson 0-0: Ball
1-0: Ball
2-0: Ball
3-0: Called Strike
3-1: Foul Ball, location: 2F
3-2: Base on Balls
Batting: RHB Dave King 0-0: Ball
1-0: Ball
2-0: Called Strike
2-1: Called Strike
2-2: Foul Ball, location: 2F
2-2: Foul Ball, location: 2F
2-2: Strikes out looking
Batting: LHB Derrick Simpson 0-0: Fielders Choice at 2nd, 4-6 (Groundball, 34)
Batting: RHB Lance Rodríguez 0-0: Called Strike
0-1: Ball
1-1: Called Strike
1-2: Fielders Choice at 2nd, 5-4 (Groundball, 56)
Top of the 2nd over - 0 run(s), 0 hit(s), 0 error(s), 0 left on base; Arizona State 3 - UCLA 0
BOTTOM OF THE 2ND
UCLA Bruins batting - Pitching for Arizona State Sun Devils : LHP Joe Jenkins
Batting: LHB Brian Bauer 0-0: Called Strike
0-1: Ball
1-1: TRIPLE (Line Drive, 8RM)
Batting: RHB Robert Marks 0-0: Ball
1-0: Ball
2-0: Called Strike
2-1: Swinging Strike
2-2: SINGLE (Flyball, 89S)
Brian Bauer scores
Batting: RHB Bill Powell 0-0: Grounds into double play, 4-6-3 (Groundball, 4)
Batting: RHB Roberto Rodríguez 0-0: Ball
1-0: Foul Ball, location: 2F
1-1: Swinging Strike
1-2: Strikes out swinging
Bottom of the 2nd over - 1 run(s), 2 hit(s), 0 error(s), 0 left on base; Arizona State 3 - UCLA 1
TOP OF THE 3RD
Arizona State Sun Devils batting - Pitching for UCLA Bruins : RHP Mark Williamson
Batting: LHB Bill Frazier 0-0: Ball
1-0: Ball
2-0: Foul Ball, location: 2F
2-1: Ball
3-1: Called Strike
3-2: Foul Ball, location: 2F
3-2: Foul Ball, location: 2F
3-2: Base on Balls
Batting: RHB Jeffrey Hicks 0-0: Ball
1-0: Ball
2-0: Ball
3-0: Called Strike
3-1: Base on Balls
Bill Frazier to second
Batting: RHB Tom Hicks 0-0: Ball
1-0: Ball
2-0: Ball
3-0: Base on Balls
Bill Frazier to third
Jeffrey Hicks to second
Batting: RHB Michael Fisher 0-0: Grounds into double play, 6-4-3 (Groundball, 6)
Bill Frazier scores
Jeffrey Hicks to third
Batting: LHB Brendon Adams 0-0: Ball
1-0: Called Strike
1-1: Swinging Strike
1-2: Ball
2-2: SINGLE (Flyball, 7S)
Jeffrey Hicks scores
Batting: RHB Geoff Jackson 0-0: Ball
1-0: Foul Ball, location: 2F
1-1: Ball
2-1: Swinging Strike
2-2: SINGLE (Line Drive, 8LS)
Brendon Adams to second
Runner from 2nd tries for 3rd, SAFE, throw made to third
Batting: RHB Dave King 0-0: Ball
1-0: Called Strike
1-1: Ball
2-1: Fly out, F3 (Popup, 3DF)
Top of the 3rd over - 2 run(s), 2 hit(s), 0 error(s), 2 left on base; Arizona State 5 - UCLA 1
BOTTOM OF THE 3RD
UCLA Bruins batting - Pitching for Arizona State Sun Devils : LHP Joe Jenkins
Batting: RHB Doug Lutz 0-0: Called Strike
0-1: Foul Ball, location: 2F
0-2: Ball
1-2: Ball
2-2: Ball
3-2: Base on Balls
Batting: LHB Harvey Moore 0-0: Ball
Doug Lutz steals 2nd base
1-0: Ball
2-0: Swinging Strike
2-1: Foul Ball, location: 2F
2-2: Ball
3-2: SINGLE (Groundball, 56S)
Doug Lutz to third
Batting: RHB Rodney Richardson 0-0: Fly out, F3 (Popup, 3)
Batting: LHB Simon Collins 0-0: Ball
1-0: Called Strike
1-1: Called Strike
1-2: Strikes out swinging
Batting: RHB Lonnie Anderson 0-0: Ball
1-0: Called Strike
1-1: Ball
2-1: Swinging Strike
2-2: Ball
3-2: Base on Balls
Harvey Moore to second
Batting: LHB Brian Bauer 0-0: Ball
1-0: Called Strike
1-1: Ball
2-1: Ground out 4-3 (Groundball, 13)
Bottom of the 3rd over - 0 run(s), 1 hit(s), 0 error(s), 3 left on base; Arizona State 5 - UCLA 1
TOP OF THE 4TH
Arizona State Sun Devils batting - Pitching for UCLA Bruins : RHP Mark Williamson
Batting: LHB Derrick Simpson 0-0: Ball
1-0: Swinging Strike
1-1: Foul Ball, location: 2F
1-2: Ball
2-2: SOLO HOME RUN (Flyball, 78XD), Distance : 373 ft
Batting: RHB Lance Rodríguez 0-0: Ball
1-0: Fly out, F8 (Flyball, 8RM)
Pitching: LHP Josh Wall
Batting: LHB Bill Frazier 0-0: Called Strike
0-1: Ball
1-1: Called Strike
1-2: Strikes out looking
Batting: RHB Jeffrey Hicks 0-0: Swinging Strike
0-1: Swinging Strike
0-2: Foul Ball, location: 2F
0-2: Foul Ball, location: 2F
0-2: Strikes out looking
Top of the 4th over - 1 run(s), 1 hit(s), 0 error(s), 0 left on base; Arizona State 6 - UCLA 1
BOTTOM OF THE 4TH
UCLA Bruins batting - Pitching for Arizona State Sun Devils : LHP Joe Jenkins
Batting: RHB Robert Marks 0-0: Called Strike
0-1: Ball
1-1: Swinging Strike
1-2: Ball
2-2: SINGLE (Groundball, 34D)
Batting: RHB Bill Powell 0-0: Ball
1-0: Ball
2-0: Called Strike
2-1: Foul Ball, location: 2F
2-2: Foul Ball, location: 2F
2-2: Ball
3-2: Fly out, F9 (Flyball, 89M)
Batting: RHB Roberto Rodríguez 0-0: Grounds into double play, 6-4-3 (Groundball, 6)
Bottom of the 4th over - 0 run(s), 1 hit(s), 0 error(s), 0 left on base; Arizona State 6 - UCLA 1
TOP OF THE 5TH
Arizona State Sun Devils batting - Pitching for UCLA Bruins : LHP Josh Wall
Batting: RHB Tom Hicks 0-0: Ball
1-0: Called Strike
1-1: Ball
2-1: Called Strike
2-2: Strikes out swinging
Batting: RHB Michael Fisher 0-0: Foul Ball, location: 2F
0-1: Ball
1-1: Swinging Strike
1-2: Strikes out swinging
Batting: LHB Brendon Adams 0-0: Fly out, F8 (Flyball, 8RM)
Top of the 5th over - 0 run(s), 0 hit(s), 0 error(s), 0 left on base; Arizona State 6 - UCLA 1
BOTTOM OF THE 5TH
UCLA Bruins batting - Pitching for Arizona State Sun Devils : LHP Joe Jenkins
Batting: RHB Doug Lutz 0-0: Called Strike
0-1: Fly out, F8 (Flyball, 8LM)
Batting: LHB Harvey Moore 0-0: Called Strike
0-1: Ground out 6-3 (Groundball, 6M)
Batting: RHB Rodney Richardson 0-0: Called Strike
0-1: Foul Ball, location: 2F
0-2: Ball
1-2: Ball
2-2: Fly out, F9 (Flyball, 9M)
Bottom of the 5th over - 0 run(s), 0 hit(s), 0 error(s), 0 left on base; Arizona State 6 - UCLA 1
TOP OF THE 6TH
Arizona State Sun Devils batting - Pitching for UCLA Bruins : LHP Josh Wall
Batting: RHB Geoff Jackson 0-0: Ball
1-0: Swinging Strike
1-1: Ball
2-1: Ball
3-1: Swinging Strike
3-2: Strikes out swinging
Batting: RHB Dave King 0-0: Ball
1-0: Ground out U3 (Groundball, 3S)
Batting: LHB Derrick Simpson 0-0: Foul Ball, location: 2F
0-1: Ball
1-1: Ball
2-1: Called Strike
2-2: Ball
3-2: Strikes out swinging
Top of the 6th over - 0 run(s), 0 hit(s), 0 error(s), 0 left on base; Arizona State 6 - UCLA 1
BOTTOM OF THE 6TH
UCLA Bruins batting - Pitching for Arizona State Sun Devils : LHP Joe Jenkins
Batting: LHB Simon Collins 0-0: Called Strike
0-1: Ground out 1-3 (Groundball, 15)
Batting: RHB Lonnie Anderson 0-0: Called Strike
0-1: Ball
1-1: Foul Ball, location: 2F
1-2: SOLO HOME RUN (Line Drive, 7D), Distance : 349 ft
Batting: LHB Brian Bauer 0-0: Ball
1-0: Swinging Strike
1-1: Fly out, F7 (Flyball, 78M)
Batting: RHB Robert Marks 0-0: Called Strike
0-1: Foul Ball, location: 2F
0-2: Ball
1-2: Fly out, F8 (Flyball, 8LM)
Bottom of the 6th over - 1 run(s), 1 hit(s), 0 error(s), 0 left on base; Arizona State 6 - UCLA 2
TOP OF THE 7TH
Arizona State Sun Devils batting - Pitching for UCLA Bruins : LHP Josh Wall
Pitching: RHP Sean Cooper
Batting: RHB Lance Rodríguez 0-0: Called Strike
0-1: Foul Ball, location: 2F
0-2: Ball
1-2: Ball
2-2: Foul Ball, location: 2F
2-2: Foul Ball, location: 2F
2-2: Strikes out swinging
Batting: LHB Bill Frazier 0-0: Ball
1-0: Ball
2-0: SINGLE (Flyball, 9S)
Batting: RHB Jeffrey Hicks 0-0: Called Strike
0-1: Fly out, F8 (Flyball, 8LM)
Batting: RHB Tom Hicks 0-0: Called Strike
0-1: Foul Ball, location: 2F
0-2: Ball
1-2: Foul Ball, location: 2F
1-2: Foul Ball, location: 2F
1-2: Foul Ball, location: 2F
1-2: Ball
2-2: Ball
3-2: Ground out 4-3 (Groundball, 4)
Top of the 7th over - 0 run(s), 1 hit(s), 0 error(s), 1 left on base; Arizona State 6 - UCLA 2
BOTTOM OF THE 7TH
UCLA Bruins batting - Pitching for Arizona State Sun Devils : LHP Joe Jenkins
Pitching: RHP Héctor Mora
Batting: RHB Bill Powell 0-0: Ball
1-0: Ball
2-0: Foul Ball, location: 2F
2-1: Ball
3-1: Called Strike
3-2: Ground out 6-3 (Groundball, 6M)
Batting: RHB Roberto Rodríguez 0-0: Ball
1-0: Swinging Strike
1-1: Swinging Strike
1-2: Ball
2-2: Strikes out looking
Batting: RHB Doug Lutz 0-0: Ball
1-0: Foul Ball, location: 2F
1-1: Ball
2-1: Ball
3-1: Foul Ball, location: 2F
3-2: Strikes out looking
Bottom of the 7th over - 0 run(s), 0 hit(s), 0 error(s), 0 left on base; Arizona State 6 - UCLA 2
TOP OF THE 8TH
Arizona State Sun Devils batting - Pitching for UCLA Bruins : RHP Sean Cooper
Batting: RHB Michael Fisher 0-0: Called Strike
0-1: Called Strike
0-2: Ball
1-2: Ground out 5-3 (Groundball, 56S)
Batting: LHB Brendon Adams 0-0: Ball
1-0: Ball
2-0: Ball
3-0: Called Strike
3-1: Foul Ball, location: 2F
3-2: Base on Balls
Batting: RHB Geoff Jackson 0-0: Ball
1-0: Foul Ball, location: 2F
1-1: Swinging Strike
1-2: Strikes out swinging
Batting: RHB Dave King 0-0: Fly out, F2 (Popup, 2R)
Top of the 8th over - 0 run(s), 0 hit(s), 0 error(s), 1 left on base; Arizona State 6 - UCLA 2
BOTTOM OF THE 8TH
UCLA Bruins batting - Pitching for Arizona State Sun Devils : RHP Héctor Mora
Batting: LHB Harvey Moore 0-0: Called Strike
0-1: Ball
1-1: Swinging Strike
1-2: Ball
2-2: Ball
3-2: Foul Ball, location: 2F
3-2: Base on Balls
Batting: RHB Rodney Richardson 0-0: Ball
1-0: Ball
2-0: Swinging Strike
2-1: Foul Ball, location: 2F
2-2: Ground out 3-1 (Groundball, 34)
Harvey Moore to second
Batting: LHB Simon Collins 0-0: Called Strike
0-1: Ball
1-1: Ball
2-1: Foul Ball, location: 2F
2-2: Strikes out looking
Pitching: LHP Franklin Knapp
Batting: RHB Lonnie Anderson 0-0: Foul Ball, location: 2F
0-1: Ball
Wild Pitch!
Harvey Moore to third
1-1: Called Strike
1-2: SINGLE (Flyball, 78S)
Harvey Moore scores
Pitching: LHP John Hunter
Batting: LHB Brian Bauer 0-0: Foul Ball, location: 2F
0-1: Ball
1-1: Ball
2-1: Ball
3-1: 2-RUN HOME RUN (Flyball, 9LD), Distance : 323 ft
Pitching: RHP Jesse Mitchell
Batting: RHB Robert Marks 0-0: Called Strike
0-1: Called Strike
0-2: Strikes out swinging
Bottom of the 8th over - 3 run(s), 2 hit(s), 0 error(s), 0 left on base; Arizona State 6 - UCLA 5
TOP OF THE 9TH
Arizona State Sun Devils batting - Pitching for UCLA Bruins : RHP Sean Cooper
Batting: LHB Derrick Simpson 0-0: Ball
1-0: Ball
2-0: Ball
3-0: Base on Balls
Batting: RHB Lance Rodríguez 0-0: Sac Bunt - play at first, batter OUT! 3-4
Derrick Simpson to second
Batting: LHB Bill Frazier 0-0: Intentional Walk
Pitching: RHP Bob Walters
Batting: RHB Jeffrey Hicks 0-0: Ball
Derrick Simpson steals 3rd base
Bill Frazier to second
1-0: Intentional Walk
Batting: RHB Tom Hicks 0-0: Ball
1-0: Called Strike
1-1: Ball
2-1: Foul Ball, location: 2F
2-2: Ball
3-2: Foul Ball, location: 2F
3-2: Foul Ball, location: 2F
3-2: Base on Balls
Derrick Simpson scores
Bill Frazier to third
Jeffrey Hicks to second
Batting: RHB Michael Fisher 0-0: Foul Ball, location: 2F
0-1: Ball
1-1: Ball
2-1: Foul Ball, location: 2F
2-2: Foul Ball, location: 2F
2-2: Grounds into double play, U4-3 (Groundball, 4)
Top of the 9th over - 1 run(s), 0 hit(s), 0 error(s), 2 left on base; Arizona State 7 - UCLA 5
BOTTOM OF THE 9TH
UCLA Bruins batting - Pitching for Arizona State Sun Devils : RHP Jesse Mitchell
Pitching: LHP Jesús Trevino
Now at 1B: Kenny Holt
Batting: RHB Bill Powell 0-0: Ball
1-0: Ground out 6-3 (Groundball, 6)
Batting: RHB Roberto Rodríguez 0-0: Ball
1-0: Called Strike
1-1: Hit by Pitch
Batting: RHB Doug Lutz 0-0: Called Strike
0-1: Ball
1-1: Ball
2-1: SINGLE (Line Drive, 56)
Roberto Rodríguez to second
Pinch Hitting: RHB Dean Bailey 0-0: Foul Ball, location: 2F
0-1: Called Strike
0-2: Ball
1-2: Reached on Error, E7 (Flyball, 7LM)
Roberto Rodríguez to third
Doug Lutz to second
Pinch Hitting: RHB Will Walker 0-0: Ball
1-0: Called Strike
1-1: Ball
2-1: Called Strike
2-2: Strikes out swinging
Batting: LHB Simon Collins 0-0: Ball
1-0: Ball
2-0: Called Strike
2-1: Foul Ball, location: 2F
2-2: Foul Ball, location: 2F
2-2: Strikes out swinging
Bottom of the 9th over - 0 run(s), 1 hit(s), 1 error(s), 3 left on base; Arizona State 7 - UCLA 5
This league is powered by Out of the Park Baseball, the baseball management simulation game for PC, Mac and Linux
Wednesday, December 2nd, 2015 - OOTP Baseball 16.8 Build 38